 Dungeon Crawl Stone Soup version 0.26-a0-639-g72c4674329 (webtiles) character file.

Game seed: 14481600750230152002

9826 Flugslaktarn the Fighter (level 11, -9/103 (104) HPs)
             Began as a Minotaur Fighter on Sept 23, 2020.
             Was a High Priest of Makhleb.
             Mangled by a white ugly thing (12 damage)
             ... on level 10 of the Dungeon.
             The game lasted 00:04:23 (8065 turns).

Flugslaktarn the Fighter (Minotaur Fighter)         Turns: 8065, Time: 00:04:24

HP:   -9/103 (104)  AC: 19    Str: 22    XL:     11   Next: 28%
MP:   12/24         EV:  3    Int: 12    God:    Makhleb [*****.]
Gold: 303           SH:  0    Dex: 10    Spells: 10/10 levels left

rFire    . . .     SeeInvis .   a - +1 war axe
rCold    + . .     Faith    +   d - +1 tower shield
rNeg     . . .     Spirit   .   k - +0 plate armour
rPois    +         Reflect  .   b - +3 hat of Pondering {ponderous, MR+ MP+10 Int+5}
rElec    .         Harm     .   f - +0 cloak
rCorr    .         Rampage  .   u - +0 pair of gloves
MR       +....                  (no boots)
Stlth    ..........             j - amulet of faith
HPRegen  0.27/turn              o - ring of poison resistance
MPRegen  0.19/turn              c - ring of protection from cold

@: confused, slow
A: retaliatory headbutt, horns 2
a: Minor Destruction, Lesser Servant of Makhleb, Major Destruction, Greater
Servant of Makhleb, Renounce Religion


You were on level 10 of the Dungeon.
You worshipped Makhleb.
Makhleb was extremely pleased with you.
You visited 2 branches of the dungeon, and saw 11 of its levels.

You collected 603 gold pieces.
You spent 300 gold pieces at shops.

Inventory:

Hand Weapons
 a - a +1 war axe (weapon)
 h - a +2 battleaxe of venom
   (You found it on level 7 of the Dungeon)
Armour
 b - the +3 hat of Pondering (worn) {ponderous, MR+ MP+10 Int+5}
   (You took it off Gastronok on level 8 of the Dungeon)

   It affects your intelligence (+5).
   It affects your resistance to hostile enchantments.
   It affects your magic capacity (+10).
 d - a +1 tower shield (worn)
   (You found it on level 2 of the Dungeon)
 f - a +0 cloak (worn)
   (You found it on level 8 of the Dungeon)
 k - a +0 plate armour (worn)
   (You found it on level 5 of the Dungeon)
 u - a +0 pair of gloves (worn)
   (You found it on level 9 of the Dungeon)
Jewellery
 c - a ring of protection from cold (right hand)
   (You found it on level 6 of the Dungeon)
 j - an amulet of faith (around neck)
   (You found it on level 4 of the Dungeon)
 o - a ring of poison resistance (left hand)
   (You found it on level 2 of the Dungeon)
Wands
 m - a wand of digging (12)
   (You found it on level 7 of the Dungeon)
 s - a wand of iceblast (11)
   (You found it on level 9 of the Dungeon)
Scrolls
 l - 2 scrolls of enchant weapon
 t - 2 scrolls of teleportation
 x - 6 scrolls of remove curse
Potions
 g - 2 potions of mutation
Miscellaneous
 F - a condenser vane (2/2)
   (You bought it in a shop on level 8 of the Dungeon)


   Skills:
 * Level 11.7 Fighting
 * Level 11.6 Axes
 + Level 8.9 Armour
 + Level 9.0 Shields
 + Level 6.3 Invocations


You had 10 spell levels left.
You didn't know any spells.
Your spell library was empty.

Dungeon Overview and Level Annotations

Branches:
Dungeon (10/15)            Temple (1/1) D:4            Lair (0/6) D:9
    Orc: D:9-12

Altars:
Ashenzari
Cheibriados
Dithmenos
Elyvilon
Fedhas
Gozag
Hepliaklqana
Kikubaaqudgha
Makhleb
Nemelex Xobeh
Okawaru
Qazlal
Ru
Sif Muna
Trog
Uskayaw
Vehumet
Wu Jian
Xom
Yredelemnul
Zin
The Shining One

Shops:
D:8 }

Annotations:
D:5 3 runed translucent doors, Wiebster667's ghost, novice OpFE


Innate Abilities, Weirdness & Mutations

You reflexively headbutt those who attack you in melee.
You have a pair of horns on your head.


Message History

You slash the white ugly thing!
Your headbutt misses the white ugly thing.
The white ugly thing is heavily wounded.
You closely miss the deep elf mage.
Your shield and plate armour prevent you from hitting the fire elemental.
The white ugly thing engulfs you.
* * * LOW HITPOINT WARNING * * *
The white ugly thing freezes you! You resist.
* * * LOW HITPOINT WARNING * * *
The fire elemental hits you. The fire elemental burns you!
* * * LOW HITPOINT WARNING * * *
You block the deep elf mage's attack.
There is an open door here.
It was a potion of cancellation.
You feel magically purged.
It was a potion of ambrosia.
You are confused.
You feel invigorated. The white ugly thing engulfs you!
* * * LOW HITPOINT WARNING * * *
The white ugly thing freezes you! You resist.
You die...

...... ...... .....#
......#####....# ...#
.../......#....##...##
..........#...........
..........#...........
..........#...........
..........#...........
.........@#☼e.........
.........†u°..........
..........####'###########
........................<.
..........................
......#####...............
#.... #............... ...
#............... ..
#...............


You could see a white ugly thing.

Vanquished Creatures
  Gastronok (D:8)
  Josephine (D:10)
  Pikel (D:7)
  Joseph (D:7)
  A centaur zombie (D:10)
  2 hornets
  Prince Ribbit (D:7)
  A hippogriff (D:9)
  5 wraiths (D:10)
  Grum (D:10)
  A basilisk (D:9)
  Duvessa (D:5)
  An orc warrior (D:5)
  3 ice beasts
  A sky beast (D:10)
  An eye of draining (D:10)
  5 black bears
  7 ogres
  A necrophage (D:8)
  6 wolves
  A centaur (D:6)
  2 crocodiles (D:9)
  2 lemures (D:7)
  2 big kobolds (D:8)
  Blork the orc (D:4)
  A gnoll sergeant (D:8)
  5 bullfrogs
  Dowan (D:5)
  A wyvern skeleton (D:9)
  2 scorpions (D:9)
  7 killer bees
  4 wights
  A quasit (D:9)
  6 hounds
  2 orc priests
  5 iguanas
  4 bullfrog skeletons
  5 worker ants
  5 orc wizards
  6 hound skeletons
  A howler monkey skeleton (D:8)
  3 gnolls (D:8)
  7 adders
  2 shadow imps
  A white imp (D:8)
  2 ufetubi
  An ooze (D:7)
  2 adder skeletons
  An adder zombie (D:7)
  2 worms
  A dart slug (D:2)
  A leopard gecko (D:2)
  31 orcs
  A ball python (D:2)
  3 giant cockroaches
  A goblin (D:1)
  A hobgoblin (D:1)
  5 jackals
  3 quokkas
  2 bats (D:2)
  2 frilled lizards
  15 kobolds
  A leopard gecko skeleton (D:5)
  A leopard gecko zombie (D:8)
  2 rats (D:2)
197 creatures vanquished.

Vanquished Creatures (others)
  A worker ant zombie (D:5)
  A fungus (D:9)
  A plant (D:9)
3 creatures vanquished.

Grand Total: 200 creatures vanquished

Notes
Turn   | Place    | Note
-------+----------+-------------------------------------------
     0 | D:1      | Flugslaktarn the Minotaur Fighter began the quest for the
                  | Orb.
     0 | D:1      | Reached XP level 1. HP: 19/19 MP: 0/0
   122 | D:2      | Reached XP level 2. HP: 3/27 MP: 1/1
   137 | D:2      | HP: 1/27 [poisoned by an adder]
   496 | D:2      | Reached XP level 3. HP: 31/33 MP: 2/2
   649 | D:4      | Noticed Blork the orc
   656 | D:4      | Killed Blork the orc
   656 | D:4      | Reached XP level 4. HP: 34/41 MP: 3/3
   888 | D:4      | Reached skill level 5 in Fighting
   888 | D:4      | Reached XP level 5. HP: 36/48 MP: 4/4
  1116 | D:4      | Found a staircase to the Ecumenical Temple.
  1203 | Temple   | Entered the Ecumenical Temple
  1276 | Temple   | Became a worshipper of Makhleb the Destroyer
  1382 | D:5      | Entered Level 5 of the Dungeon
  1385 | D:5      | Noticed an ogre
  1430 | D:5      | Noticed Duvessa
  1440 | D:5      | Killed Duvessa
  1440 | D:5      | Reached XP level 6. HP: 37/56 MP: 5/5
  1440 | D:5      | Noticed Dowan
  1449 | D:5      | HP: 2/56 [Dowan/stone arrow (11)]
  1454 | D:5      | Killed Dowan
  1454 | D:5      | Reached skill level 1 in Invocations
  1464 | D:5      | Reached skill level 5 in Axes
  1593 | D:5      | Reached skill level 5 in Armour
  1593 | D:5      | Reached XP level 7. HP: 40/63 MP: 7/7
  1809 | D:5      | Found an opulent altar of Gozag.
  1851 | D:5      | Reached skill level 5 in Shields
  1855 | D:5      | Reached * piety under Makhleb
  2013 | D:5      | Found a runed translucent gate.
  2013 | D:5      | Found a runed translucent gate.
  2014 | D:5      | Found an opulent altar of Gozag.
  2015 | D:5      | Found a runed translucent gate.
  2015 | D:5      | Noticed Wiebster667's ghost (novice OpFE)
  2015 | D:5      | Noticed an efreet
  2692 | D:5      | Found a shadowy altar of Dithmenos.
  2693 | D:5      | Found a snail-covered altar of Cheibriados.
  2693 | D:5      | Found a shimmering blue altar of Sif Muna.
  2696 | D:5      | Found a sacrificial altar of Ru.
  2853 | D:6      | Reached XP level 8. HP: 36/73 MP: 8/8
  3129 | D:6      | Reached ** piety under Makhleb
  3922 | D:7      | Noticed a hornet
  3934 | D:7      | Paralysed by a hornet for 2 turns
  3939 | D:7      | Killed a hornet
  4082 | D:7      | Noticed Joseph
  4115 | D:7      | Killed Joseph
  4115 | D:7      | Reached XP level 9. HP: 26/82 MP: 9/11
  4364 | D:7      | Noticed Prince Ribbit
  4374 | D:7      | Killed Prince Ribbit
  4629 | D:7      | Noticed Pikel
  4644 | D:7      | Killed Pikel
  4955 | D:8      | Noticed Gastronok
  4981 | D:8      | HP: 1/126 [Gastronok/the air (32)]
  4988 | D:8      | Killed Gastronok
  4988 | D:8      | Reached *** piety under Makhleb
  4988 | D:8      | Reached skill level 10 in Fighting
  4988 | D:8      | Reached skill level 10 in Axes
  4988 | D:8      | Reached skill level 5 in Invocations
  4988 | D:8      | Reached XP level 10. HP: 45/94 MP: 12/12
  5308 | D:8      | Found a glowing silver altar of Zin.
  5310 | D:8      | Noticed an angel
  5313 | D:8      | Found a shimmering altar of Xom.
  6072 | D:8      | Reached **** piety under Makhleb
  6139 | D:8      | Found Niutrioq's Gadget Shop.
  6149 | D:8      | Bought a condenser vane (2/2) for 300 gold pieces
  6753 | D:9      | Found a staircase to the Lair.
  6970 | D:9      | Found a bloodstained altar of Trog.
  7404 | D:10     | Entered Level 10 of the Dungeon
  7406 | D:10     | Noticed Grum
  7429 | D:10     | Killed Grum
  7429 | D:10     | Reached XP level 11. HP: 67/101 MP: 14/14
  7572 | D:10     | Noticed Josephine
  7593 | D:10     | Killed Josephine
  7598 | D:10     | Reached ***** piety under Makhleb
  8026 | D:10     | Noticed a deep elf mage
  8043 | D:10     | Noticed a white ugly thing
  8065 | D:10     | HP: 3/103 [white ugly thing (10)]
  8065 | D:10     | Mangled by a white ugly thing

Illustrated notes

Levels and vault maps discovered:
D:1:      dpeg_arrival_round_a, layout_basic, st_stairs_14
D:2:      layout_basic, chequers_ecumenical_altar_twisty
D:3:      layout_loops_ring, uniq_grinder, uniq_natasha, uniq_sigmund
D:4:      layout_rooms, minmay_temple_entry_antechambers, minmay_statues_item,
          uniq_blork_the_orc
D:5:      layout_loops_ring, grunt_temple_overflow_open, ebering_ghost_gozag,
          nicolae_gozag_seed_capital, uniq_duvessa
D:6:      layout_basic, kennysheep_generic_room_13
D:7:      layout_cave_pools, uniq_prince_ribbit1, uniq_joseph, uniq_pikel
D:8:      layout_layer_cave, grunt_temple_overflow_order_and_chaos_1,
          kennysheep_small_circle, uniq_gastronok
D:9:      layout_irregular_city, lemuel_coloured_pillars_altar,
          minmay_lair_entry_grove
D:10:     layout_stronghold, ebering_ghost_gozag, enter_trove_3, uniq_josephine,
          uniq_grum
Temple:   regret_index_temple_waves

Skill      XL: |  1  2  3  4  5  6  7  8  9 10 11 |
---------------+----------------------------------+-----
Fighting       | 4 5 6 7 8 10 11 | 11.7
Axes           | 3 4 5 6 8 10 11 | 11.6
Armour         | 4 5 6 7 8 |  8.9
Shields        | 4 5 6 7 8 9 |  9.0
Invocations    | 1 2 4 5 6 |  6.3

Action                   |  1- 3 |  4- 6 |  7- 9 | 10-12 || total
-------------------------+-------+-------+-------+-------++-------
Melee: War axe           |    53 |    74 |   256 |   303 ||   686
       Headbutt          |     7 |     6 |    47 |    54 ||   114
  Use: Potion            |     3 |     4 |     6 |     3 ||    16
       Scroll            |       |     4 |     5 |     2 ||    11
Armor: Scale mail        |    27 |    41 |     5 |       ||    73
       Skin              |       |    21 |     3 |    54 ||    78
       Plate armour      |       |       |    94 |   184 ||   278
Dodge: Dodged            |    12 |    12 |    16 |    42 ||    82
Block: Kite shield       |    11 |       |       |       ||    11
       Tower shield      |    32 |    93 |   206 |   349 ||   680

Table legend: (Time is in decaauts)
 A = Elapsed time spent in this place.
 B = Non-inter-level travel time spent in this place.
 C = Inter-level travel time spent in this place.
 D = Time resting spent in this place.
 E = Time spent auto-exploring this place.
 F = Levels seen in this place.
 G = Mean time per level.
                   A        B        C        D        E       F      G
               +--------+--------+--------+--------+--------+-----+--------+
         Total |   8388 |   8021 |    367 |    333 |   6234 |  11 |  762.5 |
       Dungeon |   8242 |   7948 |    294 |    333 |   6166 |  10 |  824.2 |
        Temple |    146 |     74 |     72 |      0 |     68 |   1 |  146.0 |
               +--------+--------+--------+--------+--------+-----+--------+

Top non-repeatable levels by time:
     D:8: 1545 daAuts
     D:5: 1487 daAuts
     D:9: 1134 daAuts
     D:6: 1104 daAuts
     D:7: 984 daAuts
    D:10: 731 daAuts
     D:4: 601 daAuts
     D:2: 460 daAuts
  Temple: 146 daAuts
     D:1: 100 daAuts
     D:3: 92 daAuts
